AoeStats
← kV0t3

Arabia

508066761Analyzed
1v1 RM · 11d ago on Sep 20, 2026· 44m 24s· 2 players
Game mode
Random Map
Map size
Tiny (2 player)
Population
200
Speed
Normal
Resources
Standard
Victory
Conquest
Starting age
Dark Age
Ending age
Imperial Age
RankedLock teamsTeams togetherTeam positionsShared explorationLock speedFull tech treeHidden civsTurbo modeCheats
Victory
Defeat
🇫🇷 Berbers · France
1252
+16
🇦🇷 Cumans · Argentina
1249
-16
kV0t3
0:26 Loom
10:21 Feudal Age
15:17 Castle Age
15:05 Double-Bit Axe
16:34 Bow Saw
21:47 Town Watch
25:03 Wheelbarrow
24:29 Fletching
25:44 Bodkin Arrow
25:50 Padded Archer Armor
29:41 Leather Archer Armor
30:45 Hand Cart
30:22 Gold Mining
30:26 Horse Collar
31:15 Heavy Plow
33:19 Bloodlines
33:43 Stone Mining
35:05 Ballistics
39:50 Imperial Age
38:04 Elite Skirmisher
39:59 Gold Shaft Mining
39:49 Pikeman
40:30 Squires
40:31 Scale Mail Armor
41:37 Crossbowman
42:23 Thumb Ring
42:50 Ring Archer Armor
42:56 Forging
dwinslow
6:30 Loom
8:57 Feudal Age
9:52 Double-Bit Axe
9:47 Horse Collar
9:58 Horse Collar
21:03 Castle Age
21:15 Bloodlines
21:14 Gold Mining
23:12 Bow Saw
24:30 Forging
24:54 Scale Barding Armor
25:28 Wheelbarrow
25:08 Husbandry
31:51 Chain Barding Armor
33:12 Town Watch
37:12 Imperial Age
34:56 Fletching
36:10 Bodkin Arrow
36:16 Padded Archer Armor
37:27 Heavy Camel Rider
38:10 Bracer
40:19 Ballistics
40:36 Leather Archer Armor
40:57 Plate Barding Armor
43:40 Heavy Plow
43:42 Light Cavalry
45:21 Iron Casting
Connection lost

Rejoining the realm…

Still unreachable

The connection could not be restored.

Session expired

The server has moved on; the page needs a fresh start.